 Dungeon Crawl Stone Soup version 0.31.0-11-ge490571c62 (webtiles) character file.

Game seed: 916267863383531370

345 Aneyh the Trooper (level 6, -1/41 HPs)
             Began as a Tengu Monk on Feb 10, 2024.
             Slain by a killer bee (8 damage)
             ... on level 4 of the Dungeon.
             The game lasted 00:03:18 (2564 turns).

Aneyh the Trooper (Tengu Monk)                      Turns: 2564, Time: 00:03:19

Health: -1/41      AC:  3    Str: 13    XL:     6   Next: 58%
Magic:  7/7        EV: 13    Int: 10    God:
Gold:   143        SH:  0    Dex: 17    Spells: 5/5 levels left

rFire   . . .        p - +5 spear "Taoret" {drain, rPois}
rCold   . . .        (no shield)
rNeg    . . .        b - +0 robe
rPois   +            (helmet restricted)
rElec   .            z - +0 cloak
rCorr   .            (no gloves)
SInv    .            (boots unavailable)
Will    .....        (no amulet)
Stlth   +            s - ring of wizardry
HPRegen 0.26/turn    (no ring)
MPRegen 0.10/turn

%: acrobat, wizardry (x1)
@: confused, lethally poisoned (-1 -> -2), ambrosia-drunk
A: beak, talons 3, acrobatic
a: no special abilities


You were on level 4 of the Dungeon.
You visited 1 branch of the dungeon, and saw 4 of its levels.

You collected 143 gold pieces.

Inventory:

Hand Weapons
 a - a +0 spear
 h - a +0 hand axe
 p - the +5 spear "Taoret" (weapon) {drain, rPois}
   (You found it on level 2 of the Dungeon)

   rPois:     It protects you from poison
 x - a +0 scythe
Missiles
 y - 6 boomerangs (quivered)
Armour
 b - a +0 robe (worn)
 d - an orb of light
 z - a +0 cloak (worn)
Jewellery
 s - a ring of wizardry (left hand)
Scrolls
 g - 3 scrolls of immolation {unknown}
 j - 2 scrolls of identify {unknown}
 k - a scroll of torment {unknown}
 l - a scroll of teleportation {unknown}
 m - 4 scrolls of enchant weapon {unknown}
 o - a scroll of revelation {unknown}
 q - 3 scrolls of amnesia {unknown}
 r - a scroll of enchant armour {unknown}
 w - a scroll of fog {unknown}
Potions
 e - 2 potions of curing {unknown}
 f - a potion of berserk rage {unknown}
 i - 2 potions of haste {unknown}
 n - 2 potions of degeneration {unknown}
 t - a potion of heal wounds {unknown}
 u - a potion of might {unknown}
 v - 2 potions of mutation {unknown}
 A - a potion of enlightenment {unknown}


   Skills:
 + Level 6.3 Fighting
 - Level 5.0 Polearms
 - Level 3.3 Dodging


You had 5 spell levels left.
You didn't know any spells.
Your spell library contained the following spells:

 Spells                   Type           Power      Damage    Failure   Level
 Shock                    Conj/Air       0%         1d3       16%         1
 Inner Flame              Hex/Fire       0%         N/A       41%         3
 Swiftness                Air            0%         N/A       41%         3
 Airstrike                Air            0%         2d(0-16)  80%         4
 Flame Wave               Conj/Fire      0%         2d4       80%         4
 Sticky Flame             Fire/Alch      0%         2d4       80%         4


Dungeon Overview and Level Annotations

Branches:
Dungeon (4/15)
 Temple: D:4-7

Altars:
Trog


Innate Abilities, Weirdness & Mutations

You have a beak for a mouth.
You have claws for feet.
You can magically evade attacks while moving or waiting.


Message History

The killer bee barely misses you.
You miss the killer bee. Your kick misses the killer bee.
You peck the killer bee.
The killer bee is lightly wounded.
The killer bee stings you. The killer bee closely misses you.
The killer bee misses you.
You barely miss the killer bee. You claw the killer bee!
The killer bee is heavily wounded.
The killer bee stings you but does no damage.
The killer bee barely misses you. The killer bee stings you.
You are poisoned.
The killer bee poisons you! The killer bee stings you.
You feel sick.
The killer bee stings you but does no damage.
The killer bee stings you. The killer bee barely misses you.
The killer bee completely misses you. The killer bee closely misses you.
You closely miss the killer bee. Your kick misses the killer bee.
Your peck misses the killer bee.
The killer bee is lightly wounded.
You feel sick.
The killer bee stings you but does no damage.
The killer bee barely misses you. x2; The killer bee stings you!
The killer bee misses you. The killer bee stings you.
* * * LOW HITPOINT WARNING * * *
The killer bee stings you.
* * * LOW HITPOINT WARNING * * *
The killer bee closely misses you. The killer bee barely misses you.
You feel sick.
The killer bee completely misses you. x2
A hobgoblin comes into view. It is wielding a +0 quarterstaff.
You feel sick. The killer bee barely misses you.
The killer bee completely misses you.
The killer bee attacks as it pursues you!
The killer bee completely misses you. The killer bee stings you.
* * * LOW HITPOINT WARNING * * *
The killer bee completely misses you. The killer bee misses you.
The hobgoblin moves out of view.
You are confused.
You feel invigorated.
You feel sick. The killer bee barely misses you. x2
The killer bee stings you!
You die...

#....# #....# #....#
#....#
#....##############
#.................#
#.................#
#..............yy.###...
............†.)y@.......
#.....[..).†...yy.###...
#####.............# ###
##########........ ..##
#........ #..#
#......... .#.#
#......... ...##
#......... ....#
#........


You could see 5 killer bees.

Vanquished Creatures
  Sigmund (D:3)
  A killer bee (D:4)
  A howler monkey (D:4)
  6 adders
  2 dart slugs (D:1)
  4 ribbon worms
  2 bats
  3 endoplasms
  3 giant cockroaches
  5 goblins
  6 hobgoblins
  3 quokkas
  2 ball pythons
  A frilled lizard (D:2)
  9 kobolds
  4 rats
53 creatures vanquished.

Notes
Turn   | Place    | Note
-------+----------+-------------------------------------------
     0 | D:1      | Aneyh the Tengu Monk began the quest for the Orb.
     0 | D:1      | Reached XP level 1. HP: 14/14 MP: 2/2
    96 | D:1      | Reached XP level 2. HP: 14/19 MP: 3/3
   654 | D:2      | Reached XP level 3. HP: 23/23 MP: 4/4
   789 | D:2      | Identified the +5 spear "Taoret" {drain, rPois}
  1179 | D:2      | Reached skill level 5 in Polearms
  1473 | D:2      | Found a faded altar of an unknown god.
  1731 | D:3      | Reached XP level 4. HP: 19/28 MP: 5/5
  1811 | D:3      | Noticed Sigmund
  1827 | D:3      | Killed Sigmund
  1828 | D:3      | Reached skill level 5 in Fighting
  1828 | D:3      | Reached XP level 5. HP: 34/35 MP: 6/6
  1946 | D:3      | Reached XP level 6. HP: 40/40 MP: 7/7
  2098 | D:3      | Found a bloodstained altar of Trog.
  2501 | D:4      | Reached skill level 6 in Fighting
  2564 | D:4      | Slain by a killer bee

Illustrated notes

Levels and vault maps discovered:
D:1:      lightli_arrival_flooded_house, layout_basic
D:2:      layout_loops_corners, ebering_ecumenical_altar_webs
D:3:      layout_rooms, nicolae_overflow_hidden_temple, uniq_sigmund
D:4:      layout_basic

Skill      XL: |  1  2  3  4  5  6 |
---------------+-------------------+-----
Polearms       | 4 5 |  5.0
Fighting       | 5 6 |  6.3
Dodging        | |  3.3

Action                     |  1- 3 |  4- 6 || total
---------------------------+-------+-------++-------
  Melee: Spear             |    95 |    56 ||   151
         Kick              |    20 |    11 ||    31
         Peck              |    16 |     7 ||    23
         Punch             |     1 |       ||     1
    Use: Potion            |       |     1 ||     1
   Stab: Sleeping          |     3 |     3 ||     6
 Armour: Robe              |    22 |    24 ||    46
  Dodge: Dodged            |    25 |    43 ||    68
